[Event "DVM U20w 2021"]
[Site "Kiel"]
[Date "2022.07.24"]
[Round "4"]
[White "Tabakh, Najat"]
[Black "Albayrak, Nese Pinar"]
[Result "0-1"]
[ECO "A01"]
[WhiteElo "1313"]
[BlackElo "1651"]
[Annotator "NA COMBH"]
[PlyCount "40"]
[EventDate "2022.07.23"]
[EventType "team-tourn"]
[EventRounds "7"]
[EventCountry "GER"]
[SourceTitle "playchess.com"]
[Source "ChessBase"]
[SourceQuality "1"]
[TimeControl "40/5400+30:1800+30"]

1. b3 e5 2. Bb2 Nc6 3. e3 a6 4. Bc4 d5 5. Be2 Nf6 6. Nf3 Bd6 7. c4 O-O 8. cxd5 Nxd5 9. e4 Nf4 10. O-O Qf6 11. g3 Nh3+ 12. Kg2 Qg6 13. Nc3 Nf4+ 14. Kh1 Nxe2 15. Qxe2 Bg4 16. Qe3 Bc5 17. Qe2 Nd4 18. Qd3 Bxf3+ 19. Kg1 Qg4 20. Nd1 Ne2+ 0-1

[Event "DVM U20w 2021"]
[Site "Kiel"]
[Date "2022.07.24"]
[Round "4"]
[White "Hoffmann, Sophia"]
[Black "Peglau, Charis"]
[Result "0-1"]
[ECO "A47"]
[WhiteElo "1214"]
[BlackElo "1870"]
[Annotator "NA COMBH"]
[PlyCount "104"]
[EventDate "2022.07.23"]
[EventType "team-tourn"]
[EventRounds "7"]
[EventCountry "GER"]
[SourceTitle "playchess.com"]
[Source "ChessBase"]
[SourceQuality "1"]
[TimeControl "40/5400+30:1800+30"]

1. d4 Nf6 2. Nf3 e6 3. Bf4 b6 4. e3 Bb7 5. Nbd2 Nh5 6. Bg3 Be7 7. Bd3 c5 8. c3 Nc6 9. O-O Nxg3 10. fxg3 d5 11. Qc2 h6 12. Rae1 Qc7 13. e4 O-O-O 14. exd5 Rxd5 15. Be4 Rdd8 16. Bxc6 Bxc6 17. Ne5 Bf6 18. Ne4 Bxe5 19. dxe5 Bxe4 20. Qxe4 Kb8 21. b4 Rd7 22. a4 Rhd8 23. a5 Qb7 24. Qg4 g6 25. bxc5 Rd2 26. Qe4 Qxe4 27. Rxe4 Rc2 28. Ref4 Rdd2 29. R4f2 Rxf2 30. Rxf2 Rxf2 31. Kxf2 bxa5 32. Ke3 Kc7 33. Kd4 Kc6 34. Kc4 a4 35. Kb4 a3 36. Kxa3 Kxc5 37. Kb3 a5 38. Ka4 Kc4 39. Kxa5 Kxc3 40. Kb5 Kd4 41. Kb4 Kxe5 42. Kc3 Ke4 43. Kd2 f5 44. Ke2 g5 45. Kf2 Kd3 46. Kf3 e5 47. g4 e4+ 48. Kg3 f4+ 49. Kh3 e3 50. g3 fxg3 51. Kxg3 e2 52. Kf2 Kd2 0-1

[Event "DVM U20w 2021"]
[Site "Kiel"]
[Date "2022.07.24"]
[Round "4"]
[White "Mohammad Dawed, Lizan"]
[Black "Albayrak, Melissa"]
[Result "0-1"]
[ECO "D00"]
[WhiteElo "799"]
[BlackElo "1366"]
[Annotator "NA COMBH"]
[PlyCount "66"]
[EventDate "2022.07.23"]
[EventType "team-tourn"]
[EventRounds "7"]
[EventCountry "GER"]
[SourceTitle "playchess.com"]
[Source "ChessBase"]
[SourceQuality "1"]
[TimeControl "40/5400+30:1800+30"]

1. d4 d5 2. Bf4 Nf6 3. e3 Nc6 4. Nc3 Bf5 5. Nb5 Rc8 6. Bd3 Bxd3 7. Qxd3 e6 8. Qb3 Bd6 9. Nh3 a6 10. Bxd6 cxd6 11. Nc3 Qc7 12. O-O O-O 13. Rad1 Rcd8 14. Rfe1 b5 15. e4 dxe4 16. d5 exd5 17. Nxd5 Nxd5 18. Rxd5 Rfe8 19. Ng5 Ne5 20. h3 Qc6 21. Rd4 d5 22. Rc1 h6 23. f4 Nc4 24. h4 hxg5 25. hxg5 Qc5 26. c3 e3 27. f5 e2 28. Kf2 Qe7 29. f6 e1=Q+ 30. Kf3 Q7e3+ 31. Kg4 Q1g3+ 32. Kh5 g6+ 33. Kh6 Qexg5# 0-1

[Event "DVM U20w 2021"]
[Site "Kiel"]
[Date "2022.07.25"]
[Round "5"]
[White "Hrebenshchykova, Yelyzaveta"]
[Black "Basovskiy, Jana"]
[Result "1-0"]
[ECO "B45"]
[WhiteElo "2088"]
[BlackElo "1867"]
[Annotator "TA"]
[PlyCount "61"]
[EventDate "2022.07.23"]
[EventType "team-tourn"]
[EventRounds "7"]
[EventCountry "GER"]
[SourceTitle "playchess.com"]
[Source "ChessBase"]
[SourceQuality "1"]
[TimeControl "40/5400+30:1800+30"]

1. e4 c5 2. Nf3 e6 3. d4 cxd4 4. Nxd4 Nf6 5. Nc3 Nc6 6. Nxc6 bxc6 7. e5 Nd5 8. Ne4 Qa5+ 9. c3 Qc7 10. f4 Qb6 11. c4 Bb4+ 12. Ke2 f5 13. Nf2 Ba6 14. Kf3 Ne7 15. Be3 Bc5 16. Bxc5 {[%emt 0:13:32] B45: Sicilian Four Knights.} Qxc5 17. Qd6 Qa5 18. Be2 {[%emt 0:09:43] The position is equal.} g5 19. Rhd1 Rd8 20. b3 {[%emt 0:05:57] [#]} (20. fxg5 Ng6 $15) 20... gxf4 $146 {[%emt 0:19:42] [#]} (20... Rg8 21. Nd3 $16) (20... g4+ $1 $11 21. Kg3 Qb6) ({Predecessor:} 20... Qb6 21. fxg5 Ng6 22. g3 h6 23. gxh6 Rxh6 24. Nd3 Nh8 25. Qc5 Nf7 26. Qxb6 axb6 27. h4 c5 {0-1 (81) Kosintseva,N (2486)-Cmilyte,V (2497) Konya 2009}) 21. Nd3 $1 $16 Ng6 {[%emt 0:00:54] [#]} 22. Kf2 $1 {[%emt 0:00:49][%mdl 1024] White has strong compensation.} Qb6+ 23. Nc5 {[%emt 0:02:06] aiming for a4.} Bc8 (23... Kf7 $2 24. a4) 24. Bh5 $36 {[%emt 0:01:33][%mdl 2048] g4 is the strong threat. Black is under strong pressure. 0x0.001f24dfab16dp-1022s more active pieces. The black rooks are badly placed.} Rg8 (24... Kf7 $16 {was worth a try.}) 25. g3 {[%emt 0:01:40] Black must now prevent Rd4.} fxg3+ (25... Kf7 $142 26. gxf4 Rde8) 26. hxg3 $18 {[%emt 0:00:05] Really sharp!} ({Less strong is} 26. Kxg3 Kf7 $14) 26... Qa5 (26... Kf7 {was necessary.} 27. g4 Rg7) 27. a3 ({Don't blunder} 27. Nxe6 $2 dxe6 28. Qxd8+ Qxd8 $19) 27... Rf8 $2 (27... Kf7 $18 28. b4 Qb6) 28. b4 ({Wrong is} 28. Nxe6 $2 dxe6 29. Qb4 Qb6+ 30. c5 Qxb4 31. axb4 Rxd1 32. Rxd1 Ke7 33. Bxg6 hxg6 $19) (28. Bxg6+ $142 hxg6 29. b4 Qxc5+ 30. Qxc5 Rh8 31. Rh1 Kf7 32. Qxa7 Rh5 33. Rxh5 gxh5 34. Rh1) 28... Qb6 29. Rh1 {[%emt 0:00:37] White mates.} a5 30. Bxg6+ hxg6 31. Rh7 {[%emt 0:00:04] Black did not feel at home in the position after the opening.  Weighted Error Value: White=0.18 (very precise) /Black=1.05} 1-0

[Event "DVM U20w 2021"]
[Site "Kiel"]
[Date "2022.07.25"]
[Round "5"]
[White "Browning, Rebecca"]
[Black "Peglau, Dora"]
[Result "1-0"]
[ECO "B14"]
[WhiteElo "1938"]
[BlackElo "1920"]
[Annotator "TA"]
[PlyCount "73"]
[EventDate "2022.07.23"]
[EventType "team-tourn"]
[EventRounds "7"]
[EventCountry "GER"]
[SourceTitle "playchess.com"]
[Source "ChessBase"]
[SourceQuality "1"]
[TimeControl "40/5400+30:1800+30"]

1. e4 c5 2. c3 g6 3. d4 cxd4 4. cxd4 d5 5. exd5 Nf6 6. Nf3 Bg7 7. Nc3 O-O 8. Bc4 Nbd7 9. d6 exd6 10. O-O Nb6 11. Bb3 d5 {[%emt 0:05:52] B14: Caro-Kann: Panov-Botvinnik Attack with 5...e6 and 5...g6.} 12. Bg5 h6 13. Bf4 {[%emt 0:00:42] [#]} Be6 $146 {[%emt 0:02:52] The position is equal.} ({Predecessor:} 13... Bf5 14. Re1 a6 15. Ne5 Rc8 16. Rc1 Nc4 17. Na4 Nh5 18. Be3 b5 19. Nc5 Rxc5 20. dxc5 Nxe5 21. Bxd5 {0-1 (27) Dickmann,T (2013)-Tornay Gomez,J (2100) Heusenstamm 2015}) 14. Re1 Rc8 15. Ne5 Re8 16. Bc2 Kh7 17. Qb1 Kh8 {[%emt 0:20:49] [#]} (17... Ne4) (17... Kg8 $11 {keeps the balance.}) 18. Nb5 $1 $16 Kg8 19. Nxa7 Ra8 20. Nb5 {[%emt 0:00:17][%cal Oc2g6] White is more active.} g5 (20... Nh5 $14 21. Be3 Nc4) 21. Bg3 Nh5 $2 {[%emt 0:02:50] Black cannot hold the game after this.} (21... Ne4 $16) 22. Nc7 {[%emt 0:02:19] aiming for Bh7+.} Qxc7 $2 (22... Nxg3 23. Nxe8 Qxe8) 23. Bh7+ $18 Kh8 {[%emt 0:00:05] [#]} 24. Ng6+ $1 {[%emt 0:00:04][%mdl 576] Discovered Attack} fxg6 (24... Kxh7 25. Ne7+) 25. Bxc7 Kxh7 26. Bxb6 Bf5 27. Qc1 Nf4 28. Rxe8 Rxe8 29. Qd2 Re2 30. Qc3 Rc2 {[%emt 0:01:34] Hoping for ...Ne2+.} 31. Qb3 Be4 {[%emt 0:01:16] White is clearly winning.} 32. Re1 h5 33. h3 Rd2 34. Ba5 Rxd4 35. Bc3 Rd3 36. Qxb7 Ne6 37. f3 {[%emt 0:01:16] Weighted Error Value: White=0.12 (very precise) /Black=0.48} 1-0

[Event "DVM U20w 2021"]
[Site "Kiel"]
[Date "2022.07.25"]
[Round "5"]
[White "Rudolph, Eva"]
[Black "Tabakh, Najat"]
[Result "1-0"]
[ECO "B01"]
[WhiteElo "1892"]
[BlackElo "1313"]
[Annotator "NA RC COMBH"]
[PlyCount "93"]
[EventDate "2022.07.23"]
[EventType "team-tourn"]
[EventRounds "7"]
[EventCountry "GER"]
[SourceTitle "playchess.com"]
[Source "ChessBase"]
[SourceQuality "1"]
[TimeControl "40/5400+30:1800+30"]

1. e4 d5 2. exd5 Nf6 3. c4 Bf5 4. Nf3 g6 5. Nc3 Bg7 6. Be2 c6 7. dxc6 Nxc6 8. d4 O-O 9. O-O Ne4 10. Be3 Nxc3 11. bxc3 e5 12. d5 Na5 13. Qd2 b6 14. c5 Rc8 15. Ba6 Rb8 16. c6 Qd6 17. Rad1 Bc8 18. Bb5 a6 19. Be2 b5 20. Ng5 b4 $2 (20... f5 21. Ba7 Ra8) 21. Ne4 bxc3 22. Qxc3 Qb4 23. c7 Rb5 $18 24. Bxb5 Qxb5 25. Qc5 Nb7 26. Qxb5 axb5 27. Bc5 Nxc5 28. Nxc5 Re8 29. d6 Bf6 30. d7 Rf8 31. d8=Q Bxd8 32. cxd8=Q Rxd8 33. Rxd8+ Kg7 34. Rxc8 b4 35. Re1 f6 36. Rc7+ Kh6 37. Re3 g5 38. Rh3+ Kg6 39. Rhxh7 Kf5 40. h3 Kf4 41. g3+ Kf3 42. Rhf7 Ke2 43. Rcd7 Ke1 44. Rxf6 e4 45. Re6 Ke2 46. Rxe4+ Kf3 47. Rf7# 1-0

[Event "DVM U20w 2021"]
[Site "Kiel"]
[Date "2022.07.25"]
[Round "5"]
[White "Fock, Sana"]
[Black "Schwarzfischer, Julia"]
[Result "1-0"]
[ECO "C28"]
[WhiteElo "1807"]
[BlackElo "1314"]
[Annotator "NA RC COMBH"]
[PlyCount "119"]
[EventDate "2022.07.23"]
[EventType "team-tourn"]
[EventRounds "7"]
[EventCountry "GER"]
[SourceTitle "playchess.com"]
[Source "ChessBase"]
[SourceQuality "1"]
[TimeControl "40/5400+30:1800+30"]

1. e4 e5 2. Nc3 Nf6 3. Bc4 Nc6 4. d3 Bb4 5. Nge2 d5 6. exd5 Nxd5 7. O-O Be6 8. Ne4 Qe7 9. c3 Bd6 10. a4 f5 11. Ng5 h6 12. Nxe6 Qxe6 13. Qb3 Nce7 14. Qxb7 O-O 15. Qb3 f4 16. f3 Kh8 17. Kh1 c6 18. Qc2 Qg6 19. g4 fxg3 20. Nxg3 Nf5 21. Nxf5 Qxf5 22. Qe2 Rae8 23. Be3 Nf4 24. Qd2 Qh3 25. Bxf4 Rxf4 26. Qg2 Qh5 27. Rae1 Ref8 28. Bb3 Rh4 29. Re4 Rh3 30. Bd1 Qf5 31. Rg4 Rh5 32. Rxg7 Qxd3 33. Rg1 Rg5 34. Rxg5 hxg5 35. Qxg5 Qh7 36. Bc2 e4 37. Qd2 Bxh2 38. Qxh2 Qxh2+ 39. Kxh2 exf3 40. Kg3 Kg7 41. Rf1 Rb8 42. b3 Kf6 43. Kxf3 Ke5 44. Ke3 Kd5 45. Rf5+ Kd6 46. Kd4 Rh8 47. Rf6+ Kc7 48. Kc5 Rh2 49. Rf7+ Kd8 50. Bd3 Rh3 51. Rd7+ Ke8 52. Kxc6 Rh6+ 53. Rd6 Rh2 54. b4 Ra2 55. a5 Ra3 56. c4 Ra4 57. Kb5 Ra1 58. c5 Ra2 59. c6 Ra3 60. c7 1-0

[Event "DVM U20w 2021"]
[Site "Kiel"]
[Date "2022.07.25"]
[Round "5"]
[White "Peglau, Sarah"]
[Black "Brunner, Sophia"]
[Result "1-0"]
[ECO "A84"]
[WhiteElo "1782"]
[BlackElo "1804"]
[Annotator "NA RC COMBH"]
[PlyCount "49"]
[EventDate "2022.07.23"]
[EventType "team-tourn"]
[EventRounds "7"]
[EventCountry "GER"]
[SourceTitle "playchess.com"]
[Source "ChessBase"]
[SourceQuality "1"]
[TimeControl "40/5400+30:1800+30"]

1. d4 d5 2. c4 e6 3. Nc3 f5 4. f4 Nf6 5. Nf3 c6 6. e3 Be7 7. Bd3 O-O 8. Qc2 Ne4 9. g4 Bh4+ 10. Ke2 Nf2 11. g5 Nxh1 12. Nxh4 Qe8 13. Qd1 Qh5+ 14. Nf3 h6 15. gxh6 gxh6 16. Qxh1 Nd7 17. b3 Nf6 18. Ba3 Rf7 19. Rg1+ Rg7 20. Kd2 Bd7 21. Ne5 Be8 22. Rxg7+ Kxg7 23. Qg2+ Kh7 24. Be2 Qh4 25. Nf3 1-0

[Event "DVM U20w 2021"]
[Site "Kiel"]
[Date "2022.07.25"]
[Round "5"]
[White "Wilmink, Anna"]
[Black "Peglau, Charis"]
[Result "0-1"]
[ECO "B14"]
[WhiteElo "1692"]
[BlackElo "1870"]
[Annotator "NA RC COMBH"]
[PlyCount "66"]
[EventDate "2022.07.23"]
[EventType "team-tourn"]
[EventRounds "7"]
[EventCountry "GER"]
[SourceTitle "playchess.com"]
[Source "ChessBase"]
[SourceQuality "1"]
[TimeControl "40/5400+30:1800+30"]

1. e4 c6 2. d4 d5 3. exd5 cxd5 4. c4 Nf6 5. Nc3 g6 6. Qb3 Bg7 7. cxd5 O-O 8. Nf3 a5 9. a4 Na6 10. Bxa6 Rxa6 11. O-O Rb6 12. Qa2 Bf5 13. Nd2 Rb4 14. Nf3 Bd3 15. Re1 Bc4 16. Qa3 Nxd5 17. Bd2 $17 (17. Bg5 $142 Re8 18. Rab1) 17... Nb6 18. Be3 e6 19. Rab1 Bb3 20. Rec1 Nc4 21. Qa1 Qd7 22. Re1 Bxa4 23. Re2 Bc6 24. Nd2 Ra8 25. Nxc4 Rxc4 26. b3 Rb4 27. Rd2 Ra6 28. Qa3 h5 29. h3 Kh7 30. Kh1 Bxd4 31. Rbd1 e5 32. Ne2 Qxh3+ 33. Kg1 Qxg2# 0-1

[Event "DVM U20w 2021"]
[Site "Kiel"]
[Date "2022.07.25"]
[Round "5"]
[White "Albayrak, Berrak"]
[Black "Eichhorn, Elisabeth"]
[Result "1-0"]
[ECO "B24"]
[WhiteElo "1592"]
[BlackElo "1325"]
[Annotator "NA RC COMBH"]
[PlyCount "65"]
[EventDate "2022.07.23"]
[EventType "team-tourn"]
[EventRounds "7"]
[EventCountry "GER"]
[SourceTitle "playchess.com"]
[Source "ChessBase"]
[SourceQuality "1"]
[TimeControl "40/5400+30:1800+30"]

1. e4 c5 2. Nc3 Nc6 3. g3 g6 4. Bg2 Bg7 5. d3 e6 6. Be3 Nge7 7. Qd2 d5 8. exd5 exd5 9. Bh6 O-O 10. Bxg7 Kxg7 11. Nf3 d4 12. Ne4 b6 13. h4 h6 14. h5 g5 15. g4 f6 16. O-O-O Nd5 17. Rhg1 Nf4 18. Bh1 Ne7 19. Nh4 Rb8 20. Nf5+ Kh7 21. Ned6 Nxf5 22. Nxf5 Bb7 23. Rde1 Rf7 24. Bxb7 Rbxb7 25. Re4 Qc7 26. Rge1 Qd8 27. Re8 Qd5 28. Kb1 Rbd7 29. R1e4 a6 30. b3 a5 31. Rxf4 gxf4 32. Qxf4 Qh1+ 33. Kb2 1-0

[Event "DVM U20w 2021"]
[Site "Kiel"]
[Date "2022.07.25"]
[Round "5"]
[White "Bangsa-Giesen, Citra"]
[Black "Falke, Ornella"]
[Result "1-0"]
[ECO "B51"]
[WhiteElo "1420"]
[BlackElo "1912"]
[Annotator "TA"]
[PlyCount "95"]
[EventDate "2022.07.23"]
[EventType "team-tourn"]
[EventRounds "7"]
[EventCountry "GER"]
[SourceTitle "playchess.com"]
[Source "ChessBase"]
[SourceQuality "1"]
[TimeControl "40/5400+30:1800+30"]

1. e4 c5 2. Nf3 d6 3. Bb5+ Nd7 4. O-O a6 5. Bd3 Ngf6 6. c3 {[%emt 0:00:15] B51: Sicilian: Moscow Variation (3 Bb5+) without 3...Bd7.} g6 7. Bc2 Bg7 8. d3 (8. d4 $14) 8... b5 $11 9. Re1 O-O 10. Nbd2 Bb7 11. Nf1 Rc8 12. Ng3 Qc7 {[%emt 0:00:41] [#]} 13. b3 $146 ({White should play} 13. Bg5 $11) ({Predecessor:} 13. Bg5 h6 14. Bd2 a5 15. Rc1 Nb6 16. h4 h5 17. Ng5 e6 18. Nf1 Rfe8 19. Nh2 {1-0 (33) Ceres,D (2354)-Domalchuk Jonasson,A (2137) Vinnytsia 2022}) 13... b4 14. Bb2 a5 (14... Ng4 {feels hotter.} 15. Ne2 d5 16. h3 Nge5) 15. Rc1 e5 16. Bb1 Qd8 17. d4 $2 (17. a3) (17. Nf1 $15) 17... bxc3 $19 18. Bxc3 exd4 19. Bd2 Re8 20. Bf4 Ne5 21. Nd2 Ba6 22. Bxe5 dxe5 23. Nc4 h5 (23... Bh6 $19 24. Rc2 a4) 24. Bd3 Bh6 25. Rc2 h4 26. Nf1 Kg7 27. Nfd2 Rc6 28. Nf3 Bxc4 29. Bxc4 Nh5 $2 (29... h3 $17 {keeps the pressure on. Threatens to win with ...Rd6.} 30. Bb5 Qb6) 30. Bb5 $16 {[%emt 0:02:09][%mdl 64] [#] Skewer. Black is on the road to losing.} Qd6 31. Nxh4 {[%emt 0:05:13][%cal Od1h5] Strongly threatening Qxh5!} Rh8 32. Bxc6 Qxc6 33. g3 {[%emt 0:00:37] Prevents Nf4.} Bg5 34. Nf3 Qf6 (34... Bf6 {is a better chance.} 35. Qd2 Qc7) 35. Rxc5 $18 Re8 36. Nxg5 Qxg5 37. Qxd4 Nf4 38. Qe3 Nh3+ 39. Kg2 Qh5 40. Qf3 Qh6 41. Qg4 Ng5 42. f4 Nxe4 43. Rxe5 f5 44. Qd1 Rxe5 45. fxe5 Qg5 46. Qd7+ Kh6 47. e6 {[%emt 0:02:11][%cal Oe1e4] [#] Intending Rxe4! and mate.} Nf6 48. Qd8 {[%emt 0:00:00] Weighted Error Value: White=0.38/Black=0.43} 1-0

[Event "DVM U20w 2021"]
[Site "Kiel"]
[Date "2022.07.25"]
[Round "5"]
[White "Neumeier, Valentina"]
[Black "Margaryan, Susanna"]
[Result "0-1"]
[ECO "B15"]
[WhiteElo "1392"]
[BlackElo "1436"]
[Annotator "NA RC COMBH"]
[PlyCount "94"]
[EventDate "2022.07.23"]
[EventType "team-tourn"]
[EventRounds "7"]
[EventCountry "GER"]
[SourceTitle "playchess.com"]
[Source "ChessBase"]
[SourceQuality "1"]
[TimeControl "40/5400+30:1800+30"]

1. e4 c6 2. d4 d5 3. Nc3 dxe4 4. Nxe4 Nf6 5. Ng3 Bg4 6. Be2 Bxe2 7. N1xe2 e6 8. c3 Qc7 9. f4 Bd6 10. Qc2 Nbd7 11. Bd2 h5 12. h3 h4 13. Ne4 Nxe4 14. Qxe4 Nf6 15. Qe3 O-O-O 16. O-O-O Nd5 17. Qf3 b5 18. Rhf1 f5 19. Kb1 Kb7 20. Rc1 Rb8 21. Qd3 Nb6 22. Be1 a5 23. Qc2 Nc4 24. Rf3 Ba3 25. Qb3 a4 26. Qc2 Bxb2 27. Qd3 Bxc1 28. Nxc1 Qd6 29. Rf2 Rh6 30. Ka1 Qa3 31. Qb1 Rg6 32. Nd3 Kc7 33. Nb4 Rb6 34. Re2 Kd7 35. Qc2 Rh6 36. Bf2 Rb8 37. Re5 Ra8 38. Rc5 Na5 39. Be3 Nb3+ 40. Kb1 Rg6 41. Nd3 Rg3 42. Ne5+ Ke7 43. Nf3 Rd8 44. Rxc6 b4 45. axb3 axb3 46. Qb2 Ra8 47. Qxa3 bxa3 0-1

[Event "DVM U20w 2021"]
[Site "Kiel"]
[Date "2022.07.25"]
[Round "5"]
[White "Tabakh, Tassnim"]
[Black "Muedder, Melanie"]
[Result "0-1"]
[ECO "A48"]
[WhiteElo "1241"]
[BlackElo "1865"]
[Annotator "NA RC COMBH"]
[PlyCount "62"]
[EventDate "2022.07.23"]
[EventType "team-tourn"]
[EventRounds "7"]
[EventCountry "GER"]
[SourceTitle "playchess.com"]
[Source "ChessBase"]
[SourceQuality "1"]
[TimeControl "40/5400+30:1800+30"]

1. Nf3 Nf6 2. d4 g6 3. Bg5 Ne4 4. Bh4 Bg7 5. g4 c5 6. c3 d5 7. h3 Nc6 8. e3 Qb6 9. Qc2 Bd7 10. Nbd2 Nxd2 11. Qxd2 O-O 12. O-O-O Rac8 (12... cxd4 $15 13. Nxd4 e6) 13. Kb1 cxd4 14. exd4 Qa5 (14... e5 $17 15. dxe5 Nxe5) 15. Bg2 b5 16. a3 Qb6 $11 17. Ne5 Nxe5 18. dxe5 e6 19. Rhe1 a5 20. Qd4 Qb8 21. Bf1 b4 22. cxb4 Ba4 23. Rc1 Rxc1+ 24. Rxc1 Bxe5 25. Qc5 Bf4 26. Rc3 d4 27. Rc4 Bb3 28. Rxd4 Rc8 29. Bg3 Bxg3 30. Qxc8+ Qxc8 31. fxg3 Qc2+ 0-1

[Event "DVM U20w 2021"]
[Site "Kiel"]
[Date "2022.07.25"]
[Round "5"]
[White "Hoffmann, Sophia"]
[Black "Albayrak, Nese Pinar"]
[Result "0-1"]
[ECO "A48"]
[WhiteElo "1214"]
[BlackElo "1651"]
[Annotator "NA RC COMBH"]
[PlyCount "46"]
[EventDate "2022.07.23"]
[EventType "team-tourn"]
[EventRounds "7"]
[EventCountry "GER"]
[SourceTitle "playchess.com"]
[Source "ChessBase"]
[SourceQuality "1"]
[TimeControl "40/5400+30:1800+30"]

1. d4 Nf6 2. Nf3 g6 3. Bf4 Bg7 4. e3 O-O 5. Be2 d6 6. h3 Nbd7 7. Nbd2 c5 8. O-O a6 9. a4 b6 10. Bh2 Bb7 11. Ne1 Rc8 12. Bf3 Qc7 13. Bxb7 Qxb7 14. Nd3 Rc7 15. c3 b5 16. axb5 axb5 17. dxc5 Nxc5 18. Nxc5 Rxc5 19. Qb3 Rg5 20. Nf3 Qxf3 21. g3 Rh5 22. h4 g5 23. hxg5 Ng4 0-1

[Event "DVM U20w 2021"]
[Site "Kiel"]
[Date "2022.07.25"]
[Round "5"]
[White "Neitzel, Emma"]
[Black "Weiß, Sara"]
[Result "1-0"]
[ECO "C42"]
[WhiteElo "1135"]
[BlackElo "714"]
[Annotator "NA RC COMBH"]
[PlyCount "31"]
[EventDate "2022.07.23"]
[EventType "team-tourn"]
[EventRounds "7"]
[EventCountry "GER"]
[SourceTitle "playchess.com"]
[Source "ChessBase"]
[SourceQuality "1"]
[TimeControl "40/5400+30:1800+30"]

1. e4 Nf6 2. Nc3 e5 3. Nf3 d6 4. Bc4 Bg4 5. h3 Be6 6. Bxe6 fxe6 7. O-O Be7 8. d4 exd4 9. Nxd4 d5 10. Nxe6 Qd6 11. exd5 Nxd5 12. Nxd5 Nc6 13. Nexc7+ Kd8 14. Nxa8 Qb8 15. Nf6+ Kc8 16. Qd7# 1-0

[Event "DVM U20w 2021"]
[Site "Kiel"]
[Date "2022.07.25"]
[Round "6"]
[White "Peglau, Dora"]
[Black "Muedder, Melanie"]
[Result "1/2-1/2"]
[ECO "A25"]
[WhiteElo "1920"]
[BlackElo "1865"]
[Annotator "TA"]
[PlyCount "47"]
[EventDate "2022.07.23"]
[EventType "team-tourn"]
[EventRounds "7"]
[EventCountry "GER"]
[SourceTitle "playchess.com"]
[Source "ChessBase"]
[SourceQuality "1"]
[TimeControl "40/5400+30:1800+30"]

1. c4 e5 2. Nc3 Nc6 3. g3 Bc5 4. Bg2 d6 5. e3 a6 6. Nge2 {[%emt 0:01:08] A25: English Opening vs King's Indian with ...Nc6 but without early d3.} Ba7 7. O-O h5 8. d4 h4 9. f4 (9. b4 $11) 9... hxg3 $17 10. hxg3 {[%emt 0:00:39] [#]} Nh6 $146 ({Predecessor:} 10... Bg4 11. fxe5 Qg5 12. e4 Qh5 13. Be3 dxe5 14. Qd2 exd4 15. Nxd4 Nxd4 16. Bxd4 O-O-O {0-1 (103) Perdomo,C (2301)-Cervantes Landeiro,T (2311) Chess.com INT 2020}) 11. dxe5 Nf5 (11... Bg4 $17 {Strongly threatening ...Nf5.} 12. Qc2 dxe5) 12. Kf2 $11 Nh6 13. Bf3 (13. Kg1 $11) 13... Bg4 $15 (13... Ng4+ $6 14. Kg2 $11) 14. exd6 cxd6 15. Ne4 ({White should play} 15. b4 $15) 15... O-O $2 (15... Bxf3 $19 16. Kxf3 Qd7) 16. Rh1 {[%emt 0:05:29][%cal Oh1h6] aiming for Rxh6!} (16. Nxd6 Bxf3 17. Kxf3 Qd7 $17) (16. Qxd6 Qc8 17. Bg2 Bh3 $15) 16... Bxf3 17. Kxf3 {[%emt 0:00:04] N2c3 is the strong threat.} Re8 (17... f5 $142) 18. Qxd6 $2 (18. Nxd6 $6 Re6 19. c5 (19. Nxb7 $2 Qe7 $19) 19... Bxc5 $11) (18. N2c3 $1 $16) 18... f5 $11 ({Don't do} 18... Qc8 19. Nf6+ $1 (19. Rxh6 Rxe4 20. Rh2 Re6 $16) 19... gxf6 20. Rxh6 $16 (20. Qxf6 $2 Qg4+ 21. Kf2 Bxe3+ 22. Bxe3 Rxe3 $19)) 19. Nf6+ gxf6 $17 20. Qxd8 Raxd8 21. Rxh6 Kg7 22. Rh1 Rd3 23. Nc3 {[%emt 0:06:11] [#]} (23. Kg2 $1 $15) 23... Bxe3 ({Black should try} 23... Nd4+ $1 $17 24. Kf2 Nc2) 24. Rd1 $1 {[%emt 0:04:55] Weighted Error Value: White=0.53/Black=0.41} 1/2-1/2

[Event "DVM U20w 2021"]
[Site "Kiel"]
[Date "2022.07.25"]
[Round "6"]
[White "Falke, Ornella"]
[Black "Hrebenshchykova, Yelyzaveta"]
[Result "1/2-1/2"]
[ECO "B48"]
[WhiteElo "1912"]
[BlackElo "2088"]
[Annotator "TA"]
[PlyCount "96"]
[EventDate "2022.07.23"]
[EventType "team-tourn"]
[EventRounds "7"]
[EventCountry "GER"]
[SourceTitle "playchess.com"]
[Source "ChessBase"]
[SourceQuality "1"]
[TimeControl "40/5400+30:1800+30"]

1. e4 c5 2. Nf3 e6 3. d4 cxd4 4. Nxd4 Nc6 5. Nc3 Qc7 6. Be3 a6 7. a3 {[%emt 0:00:41] Recently 7.g4 got a lot of attention.} Nf6 8. f4 Nxd4 {[%emt 0:21:40] B48: Sicilian: Taimanov: 5 Nc3 Qc7 6 Be3 a6 without Be2.} 9. Qxd4 (9. Bxd4 $14 {was preferrable.} d6 10. Be2) 9... Ng4 $11 10. Qb6 Bd6 11. Qxc7 Bxc7 12. Bd2 Bb6 {[%emt 0:05:05] [#] Hoping for ...Nf2.} 13. Nd1 {[%emt 0:01:24] Prevents Nf2.} d6 {[%emt 0:03:18] Against e5} 14. Be2 $36 {[%emt 0:12:55][%mdl 2048] [#] White has good play.} h5 $146 ({Predecessor:} 14... Nf6 15. Bf3 Bc7 16. Nf2 d5 17. exd5 exd5 18. O-O-O O-O 19. g3 Bf5 20. Rhe1 Rac8 {1-0 (49) Smal,T (1814)-Karwowski,K (1824) Koszalin 2012}) 15. Bf3 e5 16. h3 Nf6 17. Ne3 Be6 {[%emt 0:15:51] Inhibits Nc4.} 18. f5 Bxe3 19. Bxe3 Bc4 20. Rd1 {[%emt 0:08:01] Against d5} d5 21. exd5 e4 22. Be2 Bxd5 23. c4 Bc6 24. O-O h4 ({Black should play} 24... Rd8) 25. Rd6 ({Better is} 25. Rf4) 25... Nh5 $16 26. Bxh5 {[%emt 0:03:55] 0x0.001681b896cfdp-1022s more active pieces. The black rooks are badly placed.} Rxh5 27. f6 gxf6 28. Rdxf6 Rh7 29. Bb6 {[%emt 0:03:13] Against Rd8} Rc8 30. R1f5 Rg7 31. Re5+ Kd7 $1 32. Ref5 (32. b4 $5 Re8 33. Rxe8 Kxe8 34. Be3 $14) 32... Ke8 33. Rf2 (33. Be3 $16) 33... Bd7 $11 34. c5 Bxh3 35. R6f4 Be6 36. Rxh4 f5 37. Rh8+ Ke7 38. Rxc8 Bxc8 {[%emt 0:00:04][%mdl 4096] Endgame KRB-KRB} 39. Bc7 Ke6 40. Bd6 Bd7 (40... b6 $5) 41. Rd2 Bb5 {[%emt 0:32:24] [#] ...e3 is the strong threat.} 42. Kf2 Rh7 43. Rd1 Bd3 44. Ke3 Kd5 45. Kf4 Rh5 46. Rc1 Rh2 47. Rg1 Ke6 48. Ke3 Rh4 {[%emt 0:00:00] Weighted Error Value: White=0.12 (very precise) /Black=0.08 (flawless)} 1/2-1/2